Ben, chaotic male elven Wizard ------ ####################**########## ------ |.(..| -------------# ------- # |}}}.| ##.....| |...........|#####......| --|-- |.!@.| # --.--- |...........| |....^.####|...| |....-##### # ##-...).......| |.....| #-...| |...(| # # |...........| |`..)..# |...| |}...| # # |...........| #......|####....| ------ ## # ----|-------- #------- |...| -|----------- # *# ###### ### --.-- |.......0....################################ # # |...........| # ### ### # # |...........-## # # # # # |...........| # ############# ### |...........-########## # -------------.-################# |......(....| # ----.--# |.............-# --|-.- ------------- ##|.....|# |.............| |....| |.....-# |....<........| |>...| ------- --------------- ---.-- # Ben the Thaumaturge Experience level: 6 Strength: 14 Dexterity: 13 Constitution: 11 Intelligence: 20 Wisdom: 9 Charisma: 8 Health: 33(33) Energy: 65(65) AC: 8 Gold: 3283 Moves: 993 Your Inventory: Coins $ - 3283 gold pieces Weapons a - a blessed +2 quarterstaff (weapon in hands) Armor b - an uncursed +1 cloak of magic resistance (being worn) Comestibles u - an [uncursed] lichen corpse w - 2 [uncursed] food rations Scrolls i - 2 uncursed scrolls of blank paper F - 2 [uncursed] scrolls of blank paper Spellbooks l - a blessed spellbook of blank paper m - an uncursed spellbook of blank paper q - an [uncursed] spellbook of blank paper y - an [uncursed] magenta spellbook [of jumping] z - an [uncursed] ochre spellbook [of protection] C - an [uncursed] spellbook of blank paper I - an [uncursed] spellbook of blank paper J - an [uncursed] light green spellbook [of magic missile] Potions h - 2 uncursed potions of healing p - an uncursed diluted potion of speed r - an uncursed diluted potion of invisibility s - an uncursed potion of extra healing t - an uncursed diluted potion of levitation Rings d - an uncursed ring of free action (on right hand) e - an uncursed ring of cold resistance (on left hand) Wands c - an uncursed rusty wand of polymorph (0:5) x - an [uncursed] copper wand [of striking (0:3)] Tools n - an uncursed wooden flute o - an [uncursed] rusty key [skeleton key] Spells known in the end: Name Level Category Fail Memory a - force bolt 1 attack 0% [||||||||] b - wizard lock 2 matter 29% [||||||||] Your skills at the end: Fighting Skills Weapon Skills quarterstaff [Basic / Expert] Spellcasting Skills attack spells [Basic / Expert] enchantment spells [Basic / Skilled] Final Attributes: You had strayed. Hunger level was 455. Your alignment was -2 / 14. Monster difficulty range was 0 - 4. Level difficulty was 2. You were immune to cold. You were immune to sleep. You were magic-protected. You saw invisible. You had infravision. You had free action. Your luck was zero. You survived. Vanquished creatures: a centipede a brown mold a red mold 2 geckos 3 jackals a sewer rat 4 grid bugs 4 lichens a newt 18 creatures vanquished. Voluntary challenges: You used a wielded weapon 13 times. You read items or engraved 6 times. You put on armor 2 times. You never genocided any monsters. You never polymorphed an object. You never changed form. You used no wishes. You never wrote Elbereth's name. You never encountered a bones level. You never used any Sokoban shortcuts. Dungeon overview: The Dungeons of Doom: levels 1 to 2 Level 1 some altars, a sink a long staircase Level 2 <- You were here a scroll shop History has recorded: On T:1 you entered the Dungeons of Doom to retrieve the Amulet of Yendor! On T:413 you reached level 2 of The Dungeons of Doom. On T:594 you advanced to experience level 2. On T:908 you advanced to experience level 3. On T:944 you advanced to experience level 6. Latest messages: Your movements are now unencumbered. You see here a light green spellbook. You have a little trouble lifting J - a light green spellbook. Your movements are slowed slightly because of your load. As you read the scroll, it disappears. Your cloak of magic resistance glows silver for a moment. [2 turns] As you read the scroll, it disappears. You have found a scroll of stinking cloud! Where do you want to center the cloud? You smell rotten eggs. This spellbook is all blank. [2 turns] Final status: Goodbye Ben the Wizard... You quit in The Dungeons of Doom on dungeon level 2 with 3617 points, and 3283 pieces of gold, after 993 moves. You were level 6 with a maximum of 33 hit points when you quit.